 Dungeon Crawl Stone Soup version 0.28.0 (webtiles) character file.

Game seed: 6666871633734652319

11 sanka the Magician (level 2, 0/16 HPs)
             Began as a Deep Elf Transmuter on Feb 8, 2022.
             Slain by a kobold (2 damage)
             ... on level 1 of the Dungeon.
             The game lasted 00:00:51 (941 turns).

sanka the Magician (Deep Elf Transmuter)             Turns: 941, Time: 00:00:52

Health: 0/16       AC:  8    Str:  7    XL:     2   Next: 17%
Magic:  9/9        EV:  2    Int: 17    God:
Gold:   35         SH:  0    Dex: 15    Spells: 8/9 levels left

rFire   . . .      SeeInvis .   d - +0 whip
rCold   . . .      Faith    .   (no shield)
rNeg    . . .      Spirit   .   c - +0 chain mail
rPois   .          Reflect  .   (no helmet)
rElec   .          Harm     .   (no cloak)
rCorr   .          Rampage  .   (no gloves)
Will    .....                   (no boots)
Stlth   ..........              (no amulet)
HPRegen 0.05/turn               (no ring)
MPRegen 0.11/turn               (no ring)

@: no status effects
A: no striking features
a: no special abilities


You were on level 1 of the Dungeon.
You visited 1 branch of the dungeon, and saw 1 of its levels.

You collected 35 gold pieces.

Inventory:

Hand Weapons
 d - a +0 whip (weapon)
Armour
 a - a +0 robe
 c - a +0 chain mail (worn)
Jewellery
 e - an amulet of magic regeneration
Scrolls
 b - a scroll of identify {unknown}
 f - a scroll of summoning {unknown}


   Skills:
 - Level 0.7 Fighting
 - Level 2.4 Dodging
 - Level 2.4 Unarmed Combat
 + Level 4.1 Spellcasting
 - Level 2.1 Transmutations


You had 8 spell levels left.
You knew the following spells:

 Your Spells              Type           Power      Damage    Failure   Level
a - Beastly Appendage     Tmut           20%        N/A       100%        1

Your spell library contained the following spells:

 Spells                   Type           Power      Damage    Failure   Level
 Wereblood                Tmut           10%        N/A       100%        2
 Spider Form              Tmut/Pois      7%         N/A       100%        3
 Ice Form                 Ice/Tmut       7%         N/A       100%        4


Dungeon Overview and Level Annotations

Branches:
Dungeon (1/15)

Altars:


Message History

You hit the hobgoblin.
You kill the hobgoblin!
You hit the ball python but do no damage.
The ball python barely misses you. The ball python grabs you.
The ball python constricts you.
The ball python bites you but does no damage.
The ball python constricts you.
You hit the ball python.
The ball python is moderately wounded.
The ball python bites you but does no damage.
The ball python constricts you.
* * * LOW HITPOINT WARNING * * *
You barely miss the ball python.
The ball python is moderately wounded.
The ball python bites you but does no damage.
The ball python constricts you.
You hit the ball python.
You kill the ball python!
You start resting.
A kobold comes into view. It is wielding a +0 short sword.
Items here: ) †††††.
You start resting.
A kobold is nearby!
The kobold shouts!
Items here: ) †††††.
You start resting.
A kobold is nearby!
You closely miss the kobold.
A bat comes into view.
The kobold hits you with a +0 short sword.
* * * LOW HITPOINT WARNING * * *
The bat moves out of view.
You closely miss the kobold. The kobold hits you but does no damage.
You hit the kobold.
The kobold is heavily wounded.
The kobold hits you but does no damage.
You closely miss the kobold.
The kobold is heavily wounded.
The kobold hits you with a +0 short sword.
You die...

#...>..#.#..####..
###...#.##.#..#
#.......##.#..#
###........#..#
#...#....##.#..#
..⌠.8#.........#
.⌠..###..##.#..# ...#
#8#.##.##.# #8#
#...###.##@# ##
#..⌠.###.##K# #
#8.⌠..#...##.####...#
##...#K.............#
.###.###.##.######.#
#.###.##.#
.........####.?.
#####...........
#.#.#####...


You could see a kobold.

Vanquished Creatures
  2 ball pythons (D:1)
  2 hobgoblins (D:1)
  2 kobolds (D:1)
  2 bats (D:1)
  2 frilled lizards (D:1)
  A rat (D:1)
11 creatures vanquished.

Notes
Turn   | Place    | Note
-------+----------+-------------------------------------------
     0 | D:1      | sanka the Deep Elf Transmuter began the quest for the Orb.
     0 | D:1      | Reached XP level 1. HP: 11/11 MP: 6/6
   873 | D:1      | Reached skill level 4 in Spellcasting
   873 | D:1      | Reached XP level 2. HP: 3/16 MP: 9/9
   941 | D:1      | Slain by a kobold

Illustrated notes

Levels and vault maps discovered:
D:1:      onia_arrival_mini_spirals, layout_loops_ring,
          shapermc_ecumenical_altar_venn, st_stairs_11, grunt_decor_resistance

Skill      XL: |  1 |
---------------+----+-----
Spellcasting   | 4 |  4.1
Fighting       | |  0.7
Dodging        | |  2.4
Unarmed Combat | |  2.4
Transmutations | |  2.1

Action                   || total
-------------------------++-------
Melee: Unarmed           ||    18
       Whip              ||    25
       Kick              ||     1
       Headbutt          ||     1
 Cast: Beastly Appendage ||     3
Armor: Chain mail        ||    19
       Robe              ||     2
Dodge: Dodged            ||     8
